 Dungeon Crawl Stone Soup version 0.30-a0-377-g5cb311bc9f (webtiles) character file.

Game seed: 6275537948707581315

102 bande the Covered (level 4, -1/29 HPs)
             Began as a Gargoyle Fighter on Nov 28, 2022.
             Slain by a gnoll
             ... wielding a +0 halberd
              (9 damage)
             ... on level 2 of the Dungeon.
             The game lasted 00:03:00 (1244 turns).

bande the Covered (Gargoyle Fighter)                Turns: 1244, Time: 00:03:01

Health: -1/29      AC: 10    Str: 19    XL:     4   Next: 78%
Magic:  4/4        EV:  9    Int:  9    God:
Gold:   28         SH:  5    Dex: 11    Spells: 3/3 levels left

rFire   . . .      SeeInvis .    a - +0 war axe
rCold   . . .      Faith    .    c - +1 buckler
rNeg    + . .      Spirit   .    b - +0 scale mail
rPois   ∞          Reflect  .    (no helmet)
rElec   +          Harm     .    (no cloak)
rCorr   .          Rampage  .    (no gloves)
Will    .....                    (no boots)
Stlth   ..........               (no amulet)
HPRegen 0.24/turn                (no ring)
MPRegen 0.09/turn                (no ring)

@: no status effects
A: sickness immunity, AC +3, negative energy resistance 1, electricity
resistance, torment resistance 1, petrification resistance
a: no special abilities


You were on level 2 of the Dungeon.
You visited 1 branch of the dungeon, and saw 2 of its levels.

You collected 28 gold pieces.

Inventory:

Hand Weapons
 a - a +0 war axe (weapon)
Armour
 b - a +0 scale mail (worn)
 c - a +1 buckler (worn)
Scrolls
 e - a scroll of poison
 g - a scroll of teleportation
Potions
 d - a potion of might
 f - a potion of heal wounds


   Skills:
 + Level 3.9 Fighting
 + Level 2.9 Axes
 + Level 4.1 Armour
 + Level 3.9 Shields


You had 3 spell levels left.
You didn't know any spells.
Your spell library was empty.

Dungeon Overview and Level Annotations

Branches:
Dungeon (2/15)

Altars:


Innate Abilities, Weirdness & Mutations

You are immune to sickness and miasma.
Your stone body is resilient. (AC +3)
You are immune to poison.
You resist negative energy. (rN+)
You are resistant to electric shocks. (rElec)
You are resistant to unholy torment.
You are immune to petrification.


Message History

You barely miss the gnoll.
The gnoll is severely wounded.
You closely miss the gnoll. The gnoll closely misses you.
The gnoll hits you but does no damage. You block the gnoll's attack. x2
You closely miss the gnoll.
The gnoll is severely wounded.
You hit the gnoll but do no damage.
The gnoll hits you but does no damage. x2
You closely miss the gnoll.
The gnoll is severely wounded.
You barely miss the gnoll. The gnoll hits you with a +0 halberd!
The gnoll hits you but does no damage.
You completely miss the gnoll.
The gnoll is severely wounded.
You barely miss the gnoll. The gnoll hits you with a +0 spear.
The gnoll barely misses you. The gnoll closely misses you.
The gnoll hits you with a +0 halberd!
You closely miss the gnoll.
The gnoll is severely wounded.
You barely miss the gnoll. You block the gnoll's attack. x2
You hit the gnoll but do no damage.
The gnoll is severely wounded.
You hit the gnoll. The gnoll barely misses you. You block the gnoll's attack.
The gnoll hits you with a +0 halberd. The gnoll hits you but does no damage.
You hit the gnoll.
You kill the gnoll!
You hit the gnoll. The gnoll hits you with a +0 halberd.
* * * LOW HITPOINT WARNING * * *
The gnoll completely misses you.
There is an open door, spattered with blood here.
Things that are here:
a +0 spear; a +0 spear; a gnoll corpse The gnoll hits you with a +0 halberd.
* * * LOW HITPOINT WARNING * * *
You hit the gnoll.
The gnoll is almost dead.
The gnoll barely misses you.
You closely miss the gnoll.
The gnoll is almost dead.
You block the gnoll's attack. The gnoll hits you with a +0 halberd!
You die...

#....^..#g####
##.#####.#g.g..
#......g.#.....
######..###.#.#.....
#...##........#.....
#...##...##.#.#.....
#...##......#.#.....
#.[.##..#####.#.....
+.<@).........#.####
#..g##........#
#...##.######.
#...##.# ........#
##########


You could see a gnoll.

Vanquished Creatures
  A jelly (D:2)
  3 gnolls
  2 dart slugs (D:1)
  A ball python (D:1)
  4 endoplasms
  8 giant cockroaches
  4 hobgoblins
  2 jackals
  2 quokkas (D:1)
  A bat (D:1)
  2 frilled lizards (D:1)
  A kobold (D:1)
  9 rats
40 creatures vanquished.

Notes
Turn   | Place    | Note
-------+----------+-------------------------------------------
     0 | D:1      | bande the Gargoyle Fighter began the quest for the Orb.
     0 | D:1      | Reached XP level 1. HP: 14/14 MP: 1/1
     0 | D:1      | Noticed a jelly
     1 | D:1      | Found a runed translucent door.
    60 | D:1      | Reached XP level 2. HP: 19/19 MP: 2/2
    95 | D:1      | Found a faded altar of an unknown god.
   258 | D:1      | Reached XP level 3. HP: 22/24 MP: 3/3
   735 | D:2      | Reached XP level 4. HP: 27/29 MP: 4/4
  1074 | D:1      | Reached skill level 4 in Armour
  1244 | D:2      | Slain by a gnoll

Illustrated notes

Levels and vault maps discovered:
D:1:      dpeg_arrival_caged_fury, layout_rooms, basic_ecumenical_altar
D:2:      layout_basic, serial_shops, nicolae_shop_behind_doors

Skill      XL: |  1  2  3  4 |
---------------+-------------+-----
Axes           | 2 |  2.9
Armour         | 4 |  4.1
Fighting       | |  3.9
Shields        | |  3.9

Action                   |  1- 3 |  4- 6 || total
-------------------------+-------+-------++-------
Melee: War axe           |    86 |    23 ||   109
  Use: Scroll            |       |     5 ||     5
Armor: Scale mail        |    72 |    19 ||    91
Dodge: Dodged            |    52 |    28 ||    80
Block: Buckler           |    28 |    16 ||    44

Table legend: (Time is in decaauts)
 A = Elapsed time spent in this place.
 B = Non-inter-level travel time spent in this place.
 C = Inter-level travel time spent in this place.
 D = Time resting spent in this place.
 E = Time spent auto-exploring this place.
 F = Levels seen in this place.
 G = Mean time per level.
                   A        B        C        D        E       F      G
               +--------+--------+--------+--------+--------+-----+--------+
         Total |   1303 |   1297 |      6 |    536 |    397 |   2 |  651.5 |
       Dungeon |   1303 |   1297 |      6 |    536 |    397 |   2 |  651.5 |
               +--------+--------+--------+--------+--------+-----+--------+

Top non-repeatable levels by time:
     D:1: 956 daAuts
     D:2: 347 daAuts
